 Dungeon Crawl Stone Soup version 0.21.1-1-g345015f (webtiles) character file.

182844 nicolaieve the Executioner (level 17, -1/160 HPs)
             Began as a Minotaur Berserker on July 25, 2018.
             Was a High Priest of Trog.
             Slain by the 27-headed Lernaean hydra (2 damage)
             ... on level 4 of the Swamp.
             The game lasted 02:52:31 (32995 turns).

nicolaieve the Executioner (Minotaur Berserker)    Turns: 32995, Time: 02:52:32

Health: -1/160     AC: 26    Str: 33    XL:     17   Next: 72%
Magic:  0/16       EV: 13    Int:  1    God:    Trog [*****.]
Gold:   1724       SH:  6    Dex:  9    Spells: 16/16 levels left

rFire    . . .     SeeInvis .   Y - +8 frozen axe "Frostbite" {freezing cloud, *Noise +Fly rC+}
rCold    + + +     Gourm    .   (shield currently unavailable)
rNeg     + + +     Faith    .   Q - +1 plate armour {rPois}
rPois    +         Spirit   +   l - +2 hat
rElec    .         Reflect  +   y - scarf {Spirit}
rCorr    .         Harm     .   e - +1 pair of gloves "Fomecad" {rN+ Str+3}
MR       ++...                  N - +2 pair of boots
Stlth    ..........             R - +6 amulet of reflection
HPRegen  0.36/turn              A - +4 ring of slaying
MPRegen  0.15/turn              t - ring "Atteg" {rC++ rN+++ MR+ Int-3}

@: very slow
A: retaliatory headbutt, horns 2
a: Berserk, Trog's Hand, Brothers in Arms, Burn Spellbooks, Renounce Religion,
Evoke Flight


You were on level 4 of the Swamp.
You worshipped Trog.
Trog was extremely pleased with you.
You were not hungry.

You visited 5 branches of the dungeon, and saw 29 of its levels.
You also visited: Labyrinth, Trove, Ossuary and Volcano.

You collected 2597 gold pieces.
You spent 873 gold pieces at shops.

Inventory:

Hand Weapons
 v - the +1 broad axe "Gofearej" {drain, +Inv rN+ Str-2}
   (Trog gifted it to you on level 1 of the Orcish Mines)

   A truly terrible weapon, it drains the life of those it strikes.
   It affects your strength (-2).
   It protects you from negative energy.
   It lets you turn invisible.
 G - a +1 executioner's axe of venom
 S - a +3 mace of freezing
 U - the +5 broad axe of the Two Names {freeze, *Slow rElec MR+}
   (You found it in a treasure trove)

   It has been specially enchanted to freeze those struck by it, causing extra
   injury to most foes and up to half again as much damage against particularly
   susceptible opponents.
   It can also slow down cold-blooded creatures.
   It insulates you from electricity.
   It affects your resistance to hostile enchantments.
   It may slow you when you take damage.
 W - a +2 executioner's axe of chopping
 X - a +3 executioner's axe of holy wrath
 Y - the +8 frozen axe "Frostbite" (weapon) {freezing cloud, *Noise +Fly rC+}
   (You found it in a treasure trove)

   It has been specially enchanted to freeze those struck by it, causing extra
   injury to most foes and up to half again as much damage against particularly
   susceptible opponents.
   It can also slow down cold-blooded creatures.
   It protects you from cold.
   It lets you fly.
   It may make noises in combat.
Armour
 e - the +1 pair of gloves "Fomecad" (worn) {rN+ Str+3}
   (You found it on level 6 of the Lair of Beasts)

   It affects your strength (+3).
   It protects you from negative energy.
 l - a +2 hat (worn)
 y - a scarf of spirit shield (worn)
 C - a +3 plate armour of fire resistance
 N - a +2 pair of boots (worn)
 Q - a +1 plate armour of poison resistance (worn)
Jewellery
 j - an uncursed ring of protection from fire
 r - an uncursed ring of protection from magic
 t - the ring "Atteg" (right hand) {rC++ rN+++ MR+ Int-3}
   (You bought it in a shop on level 2 of the Orcish Mines)

   [ring of protection from magic]

   It affects your intelligence (-3).
   It greatly protects you from cold.
   It renders you almost immune to negative energy.
   It affects your resistance to hostile enchantments.
 A - a +4 ring of slaying (left hand)
 J - an uncursed ring of poison resistance
 R - a +6 amulet of reflection (around neck)
Wands
 z - a wand of clouds (3)
Scrolls
 d - 6 scrolls of fog {unknown}
 f - 10 scrolls of teleportation
 g - 6 scrolls of enchant weapon {unknown}
 h - 16 scrolls of remove curse
 m - 2 scrolls of fear
 n - a scroll of silence
 s - 4 scrolls of noise {unknown}
 x - 2 scrolls of torment
 D - a scroll of summoning
 I - 5 scrolls of magic mapping {unknown}
 L - 5 scrolls of enchant armour
 T - 2 scrolls of holy word
 V - a scroll of immolation
Potions
 a - 3 potions of invisibility
 b - 6 potions of lignification
 i - 2 potions of heal wounds
 k - 6 potions of haste
 o - a potion of agility
 p - 4 potions of ambrosia
 q - 6 potions of mutation
 u - 5 potions of curing
 B - a potion of cancellation
 K - 2 potions of flight
 M - a potion of might
 P - a potion of resistance
Comestibles
 c - 51 rations
 w - 2 chunks of flesh


   Skills:
 + Level 16.6 Fighting
 - Level 26.0 Axes
 + Level 15.7 Armour
 * Level 9.8 Dodging


You had 16 spell levels left.
You didn't know any spells.

Dungeon Overview and Level Annotations

Branches:
Dungeon (15/15)            Temple (0/1) D:4            Lair (6/6) D:8
  Swamp (4/4) Lair:4       Spider (2/4) Lair:4        Slime (0/5) Lair:6
    Orc (2/2) D:9             Elf (0/3) Orc:2        Vaults (0/5) D:13
 Depths (0/5) D:15

Altars:
Ashenzari
Cheibriados
Dithmenos
Elyvilon
Fedhas
Gozag
Kikubaaqudgha
Okawaru
Qazlal
Ru
Trog
Uskayaw
Wu Jian
Xom
Yredelemnul
The Shining One

Shops:
D:14 (   D:15 *   Orc:2 [(=*

Annotations:
D:15 exclusion: Roxanne, Roxanne
Lair:4 exclusion: 2 oklob plants
Swamp:4 Lernaean hydra
Spider:2 exclusion: 2 oklob plants


Innate Abilities, Weirdness & Mutations

You reflexively headbutt those who attack you in melee.
You have a pair of horns on your head.


Message History

The 27-headed Lernaean hydra bites you.
* * * LOW HITPOINT WARNING * * *
You block the 27-headed Lernaean hydra's attack.
The 27-headed Lernaean hydra closely misses you.
Okay, then.
Okay, then.
Okay, then.
Okay, then.
As you read the scroll labeled RAAPAZUAPA, it crumbles to dust.
You assume a fearsome visage.
The brown very ugly thing looks frightened!
The 27-headed Lernaean hydra easily resists.
It was a scroll of fear.
The 27-headed Lernaean hydra bites you.
* * * LOW HITPOINT WARNING * * *
The 27-headed Lernaean hydra bites you but does no damage. x2
The 27-headed Lernaean hydra bites you.
* * * LOW HITPOINT WARNING * * *
The 27-headed Lernaean hydra closely misses you.
The 27-headed Lernaean hydra bites you.
You die...

≈≈≈..♣##≈#..#≈≈≈≈#...#≈≈♣≈
#≈.≈
≈≈≈≈.♣♣##...#≈§≈.≈..[≈.#≈
#≈.≈
≈≈≈≈.♣.♣##.#.≈♣≈≈#...#≈≈
#≈.≈
(≈≈≈≈♣.≈♣##≈#§≈#≈u#≈#≈≈#
#u≈.
≈≈≈≈.≈.≈≈♣##≈≈≈"≈≈≈.≈≈.=
≈≈≈≈.
.§§.♣♣.≈≈≈♣##≈#≈.#.#≈≈ §
#u♣≈#≈ ♣♣♣♣♣♣.≈≈.♣
♣#≈#≈≈#≈#2≈. #§#.#≈.
♣♣♣♣♣♣ ♣#D≈§≈≈≈≈≈≈ #.≈≈. ≈
##@≈≈###≈ ≈u4 ## . ##≈#..#
#≈ ≈ #...# #.# #≈≈ #≈≈ #≈§
#♣


You could see the 27-headed Lernaean hydra, a brown very ugly thing (fleeing)
and a green death.

Vanquished Creatures
  Rupert (D:14)
  Asterion (Spider:1)
  Agnes (Spider:1)
  Gastronok (Lair:3)
  Kirke (D:15)
  2 thorn hunters
  Donald (Orc:2)
  A ghost moth (Spider:2)
  A frost giant (D:15)
  A ghoul (Swamp:2)
  5 emperor scorpions
  An orc warlord (Orc:1)
  Louise (D:15)
  An entropy weaver (Spider:2)
  Azrael (Orc:1)
  A dire elephant (Lair:6)
  An ettin (Orc:1)
  A green death (Swamp:4)
  Snorg (D:14)
  A minotaur (Lab)
  A death ooze (Swamp:4)
  A fire dragon (Lair:6)
  Harold (Lair:4)
  The ghost of Primozic the Cleaver, a journeyman MiBe of Trog (Orc:2)
  Josephine (D:14)
  13 hydras
  A rakshasa (D:15)
  7 centaur warriors
  The ghost of Bnni the Covert, a journeyman OpIE of Gozag (Orc:1)
  Erica (Lair:1)
  15 two-headed ogres
  A death knight (D:12)
  3 ogre magi
  3 tengu warriors
  The ghost of SergentPoivreBleu the Cleaver, a novice MiMo of Ashenzari (D:10)
  7 alligators
  3 orc high priests (Orc:2)
  Nergalle (D:11)
  A deep elf knight (D:13)
  Sonja (Orc:2)
  A hell knight (Volcano)
  An unseen horror (D:13)
  7 swamp dragons
  A spriggan druid (Swamp:4)
  The ghost of Lilu the Thaumaturge, a novice DECj of Vehumet (D:8)
  A shambling mangrove (Swamp:1)
  A wizard (D:14)
  A lindwurm (Lair:2)
  6 orb spiders
  6 orc knights (Orc:2)
  2 large abominations (Swamp:4)
  An orc sorcerer (Orc:2)
  13 wolf spiders
  5 ugly things
  13 deep elf magi
  A cyclops (D:11)
  A manticore (Lair:6)
  A moth of wrath (Spider:2)
  3 black mambas
  2 orange demons (Swamp:4)
  2 rime drakes (Lair:6)
  19 spiny frogs
  6 yaktaurs
  10 komodo dragons
  2 freezing wraiths (D:13)
  9 demonic crawlers
  An efreet (D:13)
  21 jumping spiders
  7 tyrant leeches
  8 trolls
  10 polar bears (Lair:6)
  8 blink frogs
  12 hornets
  23 slime creatures
  11 hippogriffs
  20 bog bodies
  2 raiju (Lair:6)
  2 spriggans
  23 redbacks
  8 wraiths
  6 tarantellas
  36 yaks
  6 fire bats (Volcano)
  A vampire (D:12)
  4 shadows
  2 wyverns
  A hog (D:15)
  3 fire elementals
  3 basilisks
  4 steam dragons
  5 hungry ghosts
  42 vampire mosquitoes
  20 insubstantial wisps
  8 wargs
  26 swamp worms
  19 hell hounds
  3 acid dragons
  12 water moccasins
  10 porcupines
  22 orc warriors
  12 swamp drakes
  3 eyes of draining
  8 ice beasts
  A sky beast (D:6)
  7 necrophages
  16 black bears
  A phantom (D:11)
  20 centaurs
  14 ogres
  46 wolves
  18 crocodiles
  A big kobold (D:2)
  18 bullfrogs
  2 wyvern zombies
  9 scorpions
  10 killer bees
  A vampire bat (D:9)
  12 wights
  5 howler monkeys
  3 crimson imps
  2 bullfrog zombies
  4 centaur zombies
  6 lava snakes (Volcano)
  A quasit (D:9)
  2 bullfrog skeletons (D:5)
  8 hounds
  5 jellies
  5 orc priests
  A centaur skeleton (D:8)
  15 orc wizards
  Jessica (D:2)
  14 mummies (Ossuary)
  4 iguanas
  9 worker ants
  A killer bee zombie (D:6)
  2 hound zombies (Ossuary)
  A hound skeleton (D:5)
  3 worker ant zombies
  11 gnolls
  15 adders
  4 shadow imps
  4 oozes
  3 adder zombies
  2 adder skeletons
  6 worms
  4 dart slugs
  6 leopard geckos
  56 orcs
  A ball python (D:4)
  4 bats
  4 bat zombies (D:9)
  4 giant cockroaches
  5 hobgoblins
  6 jackals
  6 kobolds
  4 quokkas
  3 frilled lizards
  A giant cockroach zombie (Ossuary)
  11 goblins
  A jackal zombie (Ossuary)
  2 quokka zombies
  5 rats
  13 fungi
  7 plants
1073 creatures vanquished.

Vanquished Creatures (collateral kills)
  An entropy weaver (Spider:2)
1 creature vanquished.

Vanquished Creatures (others)
  An orange demon (Swamp:4)
  2 jumping spiders
  A redback (Spider:1)
  A tarantella (Spider:1)
  3 humans (D:15)
  2 centaurs (D:13)
  A bullfrog (D:15)
  2 orcs
  48 fungi
  17 plants
78 creatures vanquished.

Grand Total: 1152 creatures vanquished

Notes
Turn   | Place    | Note
-------+----------+-------------------------------------------
     0 | D:1      | nicolaieve the Minotaur Berserker began the quest for the Orb.
     0 | D:1      | Reached XP level 1. HP: 19/19 MP: 0/0
    41 | D:1      | Reached skill level 4 in Axes
    57 | D:1      | Reached XP level 2. HP: 19/26 MP: 1/1
   625 | D:1      | Reached skill level 5 in Axes
   794 | D:2      | Reached XP level 3. HP: 31/31 MP: 2/2
   874 | D:2      | Reached ** piety under Trog
  1198 | D:2      | Noticed Jessica
  1206 | D:2      | Killed Jessica
  1206 | D:2      | Reached skill level 6 in Axes
  1206 | D:2      | Reached XP level 4. HP: 29/39 MP: 3/3
  1273 | D:2      | Noticed a big kobold
  1284 | D:2      | Killed a big kobold
  1284 | D:2      | Reached skill level 7 in Axes
  1284 | D:2      | Reached XP level 5. HP: 35/45 MP: 4/4
  1360 | D:2      | Found a glowing golden altar of the Shining One.
  1362 | D:2      | Noticed an angel
  1402 | D:2      | Found a basalt altar of Yredelemnul.
  1404 | D:2      | Noticed a profane servitor
  2053 | D:3      | Reached skill level 8 in Axes
  2053 | D:3      | Reached XP level 6. HP: 51/51 MP: 5/5
  2100 | D:3      | Reached *** piety under Trog
  2326 | D:4      | Reached skill level 9 in Axes
  2454 | D:4      | Reached XP level 7. HP: 38/57 MP: 6/6
  2612 | D:4      | Found a staircase to the Ecumenical Temple.
  2728 | D:4      | Reached skill level 10 in Axes
  2863 | D:5      | Entered Level 5 of the Dungeon
  3017 | D:5      | Found a shimmering altar of Xom.
  3161 | D:5      | Reached skill level 11 in Axes
  3167 | D:5      | Found an iron altar of Okawaru.
  3271 | D:5      | Reached **** piety under Trog
  3474 | D:5      | Reached XP level 8. HP: 64/64 MP: 7/7
  3827 | D:6      | Found a blossoming altar of Fedhas.
  3954 | D:6      | Reached skill level 12 in Axes
  4546 | D:6      | Found a white marble altar of Elyvilon.
  4546 | D:6      | Found a shattered altar of Ashenzari.
  4581 | D:6      | Reached skill level 13 in Axes
  4591 | D:6      | Found a shimmering altar of Xom.
  4949 | D:7      | Found an ornate altar of the Wu Jian Council.
  5763 | D:8      | Found a sand-covered staircase.
  5774 | Ossuary  | Entered an ossuary
  5800 | Ossuary  | Reached XP level 9. HP: 69/71 MP: 8/8
  5873 | Ossuary  | Reached ***** piety under Trog
  5985 | Ossuary  | Reached skill level 14 in Axes
  6245 | D:8      | Found a hide-covered altar of Uskayaw.
  6245 | D:8      | Noticed a hand axe
  6246 | D:8      | Noticed a dagger
  6313 | D:8      | Reached skill level 15 in Axes
  6670 | D:8      | Noticed a two-headed ogre
  6677 | D:8      | Killed a two-headed ogre
  6677 | D:8      | Reached skill level 16 in Axes
  6677 | D:8      | Reached XP level 10. HP: 78/78 MP: 9/9
  6691 | D:8      | Found a staircase to the Lair.
  6713 | D:8      | Found a snail-covered altar of Cheibriados.
  6785 | D:8      | Received a gift from Trog
  6866 | D:8      | Reached skill level 5 in Armour
  6891 | D:8      | Noticed Lilu's ghost (novice DECj)
  6900 | D:8      | Killed Lilu's ghost
  6900 | D:8      | Reached skill level 5 in Fighting
  7373 | D:9      | Found a shadowy altar of Dithmenos.
  7477 | D:9      | Found an opulent altar of Gozag.
  7680 | D:9      | Found a staircase to the Orcish Mines.
  7730 | D:9      | Noticed a two-headed ogre
  7735 | D:9      | Killed a two-headed ogre
  7736 | D:9      | Found a bloodstained altar of Trog.
  7804 | D:9      | Found an ancient bone altar of Kikubaaqudgha.
  8049 | D:9      | Found a stormy altar of Qazlal.
  8119 | D:10     | Entered Level 10 of the Dungeon
  8300 | D:10     | Noticed SergentPoivreBleu's ghost (novice MiMo)
  8310 | D:10     | Killed SergentPoivreBleu's ghost
  8325 | D:10     | Reached XP level 11. HP: 69/92 MP: 10/10
  8640 | D:10     | You fall through a shaft!
  8794 | D:11     | Noticed Nergalle
  8803 | D:11     | Killed Nergalle
  8803 | D:11     | Reached skill level 10 in Armour
  9528 | D:11     | Found a portal to a secret trove of treasure.
  9603 | Trove    | Entered a treasure trove
  9622 | Trove    | Got a bloodstained hand axe
  9636 | Trove    | Got a faintly glowing broad axe
  9663 | Trove    | Found the +8 frozen axe "Frostbite" {freezing cloud, *Noise +Fly rC+}
  9674 | Trove    | Identified the +5 hand axe of Moderation {elec, Dex+3} (You found it in a treasure trove)
  9678 | Trove    | Identified the +5 broad axe of the Two Names {freeze, *Slow rElec MR+} (You found it in a treasure trove)
  9938 | D:11     | Noticed a two-headed ogre
  9941 | D:11     | Killed a two-headed ogre
 10199 | D:12     | Noticed a green ugly thing
 10207 | D:12     | Killed a green ugly thing
 10224 | D:12     | Reached skill level 17 in Axes
 10550 | D:12     | Reached * piety under Trog
 10880 | Lair:1   | Entered Level 1 of the Lair of Beasts
 11112 | Lair:1   | Reached skill level 18 in Axes
 11295 | Lair:1   | Reached XP level 12. HP: 104/104 MP: 11/11
 11492 | Lair:1   | Noticed a six-headed hydra
 11498 | Lair:1   | Killed a six-headed hydra
 11595 | Lair:1   | Noticed Erica
 11600 | Lair:1   | Killed Erica
 12152 | Lair:2   | Reached skill level 19 in Axes
 13024 | Lair:3   | Noticed Gastronok
 13034 | Lair:3   | Killed Gastronok
 13034 | Lair:3   | Reached skill level 20 in Axes
 13614 | Lair:4   | Reached XP level 13. HP: 96/111 MP: 12/12
 13666 | Lair:4   | Reached skill level 21 in Axes
 13829 | Lair:4   | Found a hole to the Spider Nest.
 13858 | Lair:4   | Noticed Harold
 13871 | Lair:4   | Killed Harold
 14264 | Lair:4   | Found a staircase to the Swamp.
 14830 | Lair:5   | Found a dark tunnel.
 14842 | Volcano  | Entered a volcano
 15117 | Volcano  | Reached skill level 22 in Axes
 15131 | Volcano  | Received a gift from Trog
 15364 | Volcano  | Found a bloodstained altar of Trog.
 15393 | Volcano  | Found a burning altar of Makhleb.
 15921 | Lair:6   | Entered Level 6 of the Lair of Beasts
 16057 | Lair:6   | Reached skill level 23 in Axes
 16167 | Lair:6   | Noticed a fire dragon
 16178 | Lair:6   | Killed a fire dragon
 16312 | Lair:6   | Reached XP level 14. HP: 110/118 MP: 13/13
 16408 | Lair:6   | Found a staircase to the Slime Pits.
 17036 | Lair:6   | Received a gift from Trog
 17204 | Lair:6   | Reached skill level 24 in Axes
 17222 | Lair:6   | Got a pair of crude gloves
 17233 | Lair:6   | Identified the +1 pair of gloves "Fomecad" {rN+ Str+3} (You found it on level 6 of the Lair of Beasts)
 17819 | D:13     | Found a labyrinth entrance.
 17828 | D:13     | Received a gift from Trog
 17855 | Lab      | Entered a labyrinth
 17953 | Lab      | Found the +6 arbalest "Damnation" {damnation}
 18349 | Lab      | Identified the Catalogue of the Rocks
 18905 | D:13     | Reached skill level 25 in Axes
 19191 | Orc:1    | Entered Level 1 of the Orcish Mines
 19536 | Orc:1    | Received a gift from Trog
 19539 | Orc:1    | Got an ancient broad axe {god gift}
 19546 | Orc:1    | Identified the +1 broad axe "Gofearej" {drain, +Inv rN+ Str-2} (Trog gifted it to you on level 1 of the Orcish Mines)
 19609 | Orc:2    | Entered Level 2 of the Orcish Mines
 19609 | Orc:2    | Noticed Azrael
 19625 | Orc:1    | Killed Azrael
 19664 | Orc:2    | Noticed an orc warlord
 19667 | Orc:2    | Found Qyham's Antique Weapon Shop.
 19688 | Orc:1    | Killed an orc warlord
 19878 | Orc:2    | Reached XP level 15. HP: 107/124 MP: 10/14
 19888 | Orc:2    | Noticed Donald
 19896 | Orc:2    | Killed Donald
 20052 | Orc:2    | Found Laxzad's Antique Armour Shop.
 20236 | Orc:2    | Noticed Sonja
 20763 | Orc:1    | Found a bloodstained altar of Trog.
 20771 | Orc:1    | Noticed Bnni's ghost (journeyman OpIE)
 20783 | Orc:1    | Killed Bnni's ghost
 21016 | Orc:2    | Reached ****** piety under Trog
 21020 | Orc:2    | Killed Sonja
 21076 | Orc:2    | Found Afofoarr's General Store.
 21082 | Orc:2    | Received a gift from Trog
 21131 | Orc:2    | Bought a potion of heal wounds for 65 gold pieces
 21309 | Orc:2    | Found Hiwup's Jewellery Emporium.
 21483 | Orc:2    | Bought the ring "Atteg" {rC++ rN+++ MR+ Int-3} for 770 gold pieces
 21493 | Orc:2    | Found a staircase to the Elven Halls.
 21574 | Orc:2    | Noticed Primozic's ghost (journeyman MiBe)
 21580 | Orc:2    | Killed Primozic's ghost
 21580 | Orc:2    | Reached skill level 10 in Fighting
 21580 | Orc:2    | Reached skill level 26 in Axes
 21814 | D:13     | Found a gate to the Vaults.
 22113 | D:14     | Noticed Josephine
 22118 | D:14     | Killed Josephine
 22207 | D:14     | Noticed Rupert
 22212 | D:14     | Killed Rupert
 22232 | D:14     | Noticed Snorg
 22236 | D:14     | Killed Snorg
 22240 | D:14     | Received a gift from Trog
 22549 | D:14     | Found Caedwauh's Antique Weapon Shoppe.
 22722 | D:15     | Entered Level 15 of the Dungeon
 22728 | D:15     | Noticed Louise
 22739 | D:15     | Killed Louise
 22739 | D:15     | Reached skill level 5 in Dodging
 22810 | D:15     | Noticed Kirke
 22815 | D:15     | Killed Kirke
 22860 | D:15     | Found Zoigom's Assorted Antiques.
 22868 | D:15     | Bought a scroll of identify for 38 gold pieces
 23170 | D:15     | Noticed Roxanne
 23227 | D:15     | Found a sacrificial altar of Ru.
 23241 | D:15     | Reached XP level 16. HP: 139/139 MP: 15/15
 23431 | D:15     | Found a staircase to the Depths.
 23840 | Swamp:1  | Entered Level 1 of the Swamp
 24314 | Swamp:1  | Received a gift from Trog
 24895 | Swamp:2  | Noticed a thorn hunter
 24914 | Swamp:2  | Killed a thorn hunter
 25291 | Swamp:2  | Identified a scroll of acquirement
 25410 | Swamp:2  | Received a gift from Trog
 26237 | Swamp:3  | Received a gift from Trog
 27111 | Swamp:4  | Entered Level 4 of the Swamp
 27707 | Swamp:4  | Noticed a thorn hunter
 27714 | Swamp:4  | Killed a thorn hunter
 28256 | Swamp:4  | Received a gift from Trog
 28409 | Swamp:4  | Reached XP level 17. HP: 154/154 MP: 16/16
 28613 | Swamp:4  | Reached skill level 15 in Fighting
 28703 | Swamp:4  | Noticed the 27-headed Lernaean hydra
 29301 | Spider:1 | Entered Level 1 of the Spider Nest
 29313 | Spider:1 | Noticed Asterion
 29335 | Spider:1 | Killed Asterion
 30259 | Spider:1 | Noticed Agnes
 30266 | Spider:1 | Killed Agnes
 30266 | Spider:1 | Reached skill level 15 in Armour
 30910 | Spider:1 | Received a gift from Trog
 31810 | Spider:2 | Received a gift from Trog
 32994 | Swamp:4  | HP: 8/160 [the 27-headed Lernaean hydra (6)]
 32995 | Swamp:4  | HP: 2/160 [the 27-headed Lernaean hydra (4)]
 32995 | Swamp:4  | Slain by the 27-headed Lernaean hydra

Skill      XL: |  1  2  3  4  5  6  7  8  9 10 11 12 13 14 15 16 17 |
---------------+----------------------------------------------------+-----
Axes           | 4 5 6 7 8 9 11 13 16 18 20 23 25 26 | 26.0
Armour         | 4 9 10 12 14 15 | 15.7
Fighting       | 4 7 9 11 14 16 | 16.6
Dodging        | 5 8 9 |  9.8

Action                   |  1- 3 |  4- 6 |  7- 9 | 10-12 | 13-15 | 16-18 || total
-------------------------+-------+-------+-------+-------+-------+-------++-------
Melee: Hand axe          |    62 |   136 |   152 |       |       |       ||   350
       Headbutt          |    10 |    30 |    56 |    95 |   153 |   149 ||   493
       War axe           |       |       |   133 |   222 |       |       ||   355
       Broad axe         |       |       |       |   230 |   372 |       ||   602
       Mace              |       |       |       |     3 |     5 |    85 ||    93
       Executioner's axe |       |       |       |       |   363 |   577 ||   940
Invok: Burn Spellbooks   |       |       |     1 |     3 |     6 |     1 ||    11
       Berserk           |       |       |     2 |     7 |    19 |     6 ||    34
       Trog's Hand       |       |       |     1 |       |     7 |     3 ||    11
       Brothers in Arms  |       |       |       |       |       |     1 ||     1
  Use: Scroll            |       |       |     2 |    18 |     9 |     9 ||    38
       Potion            |       |       |       |       |     2 |     6 ||     8
 Stab: Distracted        |       |       |       |       |     1 |       ||     1
       Invisible         |       |       |       |       |       |     1 ||     1
  Eat: Chunk             |     1 |    31 |    15 |    22 |    44 |    15 ||   128
       Ration            |       |       |       |       |     3 |     7 ||    10
Armor: Scale mail        |    21 |    25 |       |       |       |       ||    46
       Animal skin       |     7 |       |       |       |       |       ||     7
       Chain mail        |       |    30 |   121 |    76 |       |       ||   227
       Plate armour      |       |       |       |   146 |   422 |   487 ||  1055
Dodge: Dodged            |    38 |    61 |    80 |   137 |   275 |   396 ||   987
Block: Other             |       |       |       |    11 |   199 |   214 ||   424
       Reflection        |       |       |       |       |    31 |     2 ||    33
